 Dungeon Crawl Stone Soup version 0.30-a0-263-ge22c4ad894 (webtiles) character file.

Game seed: 16351282287884723461

3076 Lobster4 the Cleaver (level 9, -8/82 HPs)
             Began as a Hill Orc Fighter on Oct 13, 2022.
             Was an Initiate of Makhleb.
             Killed from afar by a steam dragon (17 damage)
             ... with a ball of steam
             ... on level 8 of the Dungeon.
             The game lasted 00:20:14 (7654 turns).

Lobster4 the Cleaver (Hill Orc Fighter)             Turns: 7654, Time: 00:20:14

Health: -8/82      AC: 20    Str: 23    XL:     9   Next: 88%
Magic:  11/11      EV:  8    Int:  8    God:    Makhleb [......]
Gold:   155        SH:  5    Dex: 10    Spells: 8/8 levels left

rFire   . . .      SeeInvis .    a - +0 war axe (freeze)
rCold   . . .      Faith    .    c - +0 buckler
rNeg    . . .      Spirit   .    l - +1 chain mail
rPois   .          Reflect  .    (no helmet)
rElec   .          Harm     .    B - +1 cloak
rCorr   .          Rampage  .    (no gloves)
Will    .....                    d - +1 pair of boots
Stlth   ..........               (no amulet)
HPRegen 0.33/turn                v - +4 ring of protection
MPRegen 0.12/turn                (no ring)

@: on berserk cooldown, slowed, very slow
A: no striking features
a: Renounce Religion


You were on level 8 of the Dungeon.
You worshipped Makhleb.
Makhleb was noncommittal.
You visited 1 branch of the dungeon, and saw 8 of its levels.
You also visited: Sewer.

You collected 420 gold pieces.
You spent 265 gold pieces at shops.

Inventory:

Hand Weapons
 a - a +0 war axe of freezing (weapon)
 k - a +0 mace
 o - a +0 morningstar
 x - a +4 whip
 D - a +5 morningstar of protection
Missiles
 n - 24 poisoned darts (quivered)
 u - a boomerang
 w - a curare-tipped dart
 y - 3 atropa-tipped darts
Armour
 b - a +0 scale mail
 c - a +0 buckler (worn)
 d - a +1 pair of boots (worn)
 l - a +1 chain mail (worn)
 B - a +1 cloak (worn)
 E - +0 acid dragon scales
Jewellery
 v - a +4 ring of protection (left hand)
Wands
 C - a wand of polymorph (7)
Scrolls
 e - 2 scrolls of butterflies
 j - a scroll of enchant weapon
 m - a scroll of teleportation
 s - a scroll of immolation
 z - a scroll of poison
 A - 2 scrolls of amnesia
Potions
 f - 2 potions of lignification
 g - 2 potions of curing
 h - a potion of ambrosia
 i - a potion of brilliance
 p - 3 potions of resistance
 q - a potion of flight
 r - 2 potions of magic
 t - a potion of haste {unknown}


   Skills:
 + Level 8.4 Fighting
 + Level 8.7 Axes
 - Level 3.0 Throwing
 + Level 7.6 Armour
 + Level 7.8 Shields
 - Level 3.0 Invocations


You had 8 spell levels left.
You didn't know any spells.
Your spell library contained the following spells:

 Spells                   Type           Power      Damage    Failure   Level
 Beastly Appendage        Tmut           0%         N/A       98%         1
 Summon Small Mammal      Summ           0%         N/A       98%         1
 Static Discharge         Conj/Air       0%         2-2/arc   99%         2
 Wereblood                Tmut           0%         N/A       99%         2
 Call Canine Familiar     Summ           0%         N/A       100%        3
 Portal Projectile        Hex/Tloc       0%         N/A       100%        3
 Spider Form              Tmut/Pois      0%         N/A       100%        3
 Summon Guardian Golem    Hex/Summ       0%         N/A       100%        3
 Tukima's Dance           Hex            0%         N/A       100%        3
 Vhi's Electric Charge    Tloc/Air       0%         N/A       100%        3
 Alistair's Intoxication  Tmut/Pois      0%         N/A       100%        5
 Arcjolt                  Conj/Air       0%         1d10      100%        5
 Blade Hands              Tmut           0%         N/A       100%        5
 Borgnjor's Vile Clutch   Necr/Erth      0%         N/A       100%        5
 Lightning Bolt           Conj/Air       0%         1d11      100%        5
 Eringya's Noxious Bog    Tmut/Pois      0%         N/A       100%        6


Dungeon Overview and Level Annotations

Branches:
Dungeon (8/15)             Temple (0/1) D:7           Sewer (visited)
   Lair: D:8-11

Altars:
Ashenzari
Cheibriados
Elyvilon
Makhleb
Ru
Vehumet

Shops:
D:2 ?   D:4 *

Annotations:
D:8 Amaemon, Psyche


Message History

Amaemon tail-slaps you.
* * * LOW HITPOINT WARNING * * *
The scorpion stings you.
* * * LOW HITPOINT WARNING * * *
You are more poisoned.
You have difficulty breathing.
* * * LOW HITPOINT WARNING * * *
You feel as though you will be slow longer.
The scorpion barely misses you.
Okay, then.
Okay, then.
You feel better.
Amaemon hits you with a -1 demon whip of venom!
* * * LOW HITPOINT WARNING * * *
You block Amaemon's attack. Amaemon barely misses you.
The scorpion stings you but does no damage. x2
Amaemon hits you but does no damage. Amaemon claws you.
* * * LOW HITPOINT WARNING * * *
You block Amaemon's attack. The scorpion barely misses you.
The scorpion stings you but does no damage.
As you read the scroll of teleportation, it crumbles to dust.
You feel strangely unstable. The scorpion stings you.
* * * LOW HITPOINT WARNING * * *
You are lethally poisoned!
You have difficulty breathing.
* * * LOW HITPOINT WARNING * * *
You feel as though you will be slow longer.
The scorpion barely misses you. You block Amaemon's attack.
Amaemon claws you but does no damage.
Amaemon tail-slaps you but does no damage.
The scorpion stings you but does no damage. x2
You feel better.
Your surroundings suddenly seem different.
A steam dragon and an orc come into view.
The steam dragon hisses angrily.
The orc shouts!
You hear an angry hiss.
You hear a shout!
The orc hits you but does no damage. The steam dragon breathes steam at you.
The ball of steam hits you!
You die...

########
#......########
#.####........# #.#
########.# #. #.# ##
#.# ..##########.##.##
#.# ................##
#.# #...............#
#.# #.........@....#
#.#####
##.D..####o§...#
#...... . ##...#
##§...# ####### .#
##..# ##§#.# #######...
..# ##...#
D#.###.6)..6.## ...#
+#....####
..#..(.#####.#
#..###..........
##(##### #.# .
#..#..##.....#####.##
#.#
.###...###...#........#
#.##


You could see a steam dragon and an orc.

Vanquished Creatures
  An unseen horror (D:7)
  Maggie (D:8)
  2 steam dragons
  An ice beast (D:6)
  3 ogres
  A centaur (D:8)
  4 kobold brigands
  2 phantoms
  3 bullfrogs (D:7)
  2 necrophages
  2 scorpions (D:6)
  3 wights (D:6)
  A crimson imp (D:6)
  4 hounds
  4 jellies
  3 orc priests
  Natasha (thrice) (D:2)
  2 iguanas (D:5)
  3 orc wizards
  4 adders
  6 river rats (Sewer)
  A white imp (D:6)
  4 worms
  2 dart slugs
  15 orcs
  15 ball pythons
  6 endoplasms
  12 giant cockroaches
  6 goblins
  7 hobgoblins
  35 kobolds
  4 quokkas
  5 frilled lizards
  27 rats
194 creatures vanquished.

Vanquished Creatures (others)
  9 plants (D:5)
9 creatures vanquished.

Grand Total: 203 creatures vanquished

Notes
Turn   | Place    | Note
-------+----------+-------------------------------------------
     0 | D:1      | Lobster4 the Hill Orc Fighter began the quest for the Orb.
     0 | D:1      | Reached XP level 1. HP: 19/19 MP: 1/1
   280 | D:1      | Reached XP level 2. HP: 27/27 MP: 2/2
   712 | D:2      | Reached XP level 3. HP: 33/33 MP: 3/3
   890 | D:2      | Found Esioch's Magic Scroll Emporium.
   910 | D:2      | Bought a scroll of teleportation for 30 gold pieces
   920 | D:2      | Bought a scroll of butterflies for 40 gold pieces
   958 | D:2      | Reached XP level 4. HP: 21/40 MP: 4/4
  1055 | D:2      | Noticed Natasha
  1068 | D:2      | Killed Natasha
  1246 | D:2      | Noticed Natasha
  1251 | D:2      | Killed Natasha
  1252 | D:2      | Reached XP level 5. HP: 34/47 MP: 5/5
  1432 | D:2      | Noticed Natasha
  1438 | D:2      | Killed Natasha
  1888 | D:3      | Reached skill level 5 in Fighting
  2053 | D:4      | Noticed a phantom
  2171 | D:4      | Found Yzxef's Lightly-Used Armoury.
  2242 | D:4      | Reached XP level 6. HP: 51/56 MP: 6/6
  2352 | D:4      | Found a glowing drain.
  2366 | Sewer    | Entered a sewer
  2531 | Sewer    | Reached skill level 5 in Axes
  2531 | Sewer    | Reached skill level 1 in Throwing
  2610 | Sewer    | Reached skill level 5 in Armour
  2610 | Sewer    | Reached skill level 5 in Shields
  2610 | Sewer    | Reached XP level 7. HP: 60/61 MP: 7/7
  3669 | D:5      | Entered Level 5 of the Dungeon
  3694 | D:5      | Noticed a steam dragon
  3707 | D:5      | Killed a steam dragon
  3708 | D:5      | Reached XP level 8. HP: 42/70 MP: 8/8
  5294 | D:6      | Reached XP level 9. HP: 79/79 MP: 9/9
  5458 | D:6      | Found a burning altar of Makhleb.
  5471 | D:6      | Became a worshipper of Makhleb the Destroyer
  5734 | D:7      | Found a staircase to the Ecumenical Temple.
  5851 | D:7      | Reached skill level 1 in Invocations
  5857 | D:7      | Found a snail-covered altar of Cheibriados.
  6232 | D:7      | Killed an unseen horror
  6483 | D:7      | Found a broken altar of Ashenzari.
  6483 | D:7      | Found a faded altar of an unknown god.
  6491 | D:7      | Found a sacrificial altar of Ru.
  6493 | D:7      | Found a white marble altar of Elyvilon.
  6495 | D:7      | Found a radiant altar of Vehumet.
  6959 | D:8      | Noticed Maggie
  6981 | D:8      | Killed Maggie
  7204 | D:8      | Noticed Psyche
  7211 | D:8      | Noticed an orange demon
  7224 | D:8      | Noticed Amaemon
  7414 | D:2      | Bought a scroll of identify for 20 gold pieces
  7414 | D:2      | Bought a scroll of identify for 20 gold pieces
  7416 | D:2      | Bought a scroll of vulnerability for 40 gold pieces
  7419 | D:2      | Bought a scroll of enchant weapon for 75 gold pieces
  7419 | D:2      | Bought a scroll of poison for 40 gold pieces
  7653 | D:8      | HP: 1/82 [asphyx]
  7654 | D:8      | Killed from afar by a steam dragon

Illustrated notes

Levels and vault maps discovered:
D:1:      dpeg_arrival_tiny_k, layout_basic, serial_park_tiny_1,
          kennysheep_another_room, minmay_ruptured
D:2:      minmay_roachtagon, layout_rooms, serial_shops, shop, uniq_natasha
D:3:      layout_rooms, st_stairs_8
D:4:      layout_basic, cheibrodos_sewer_entry_bend, minmay_shop_damaged,
          dreamdust_princess_corridor
D:5:      kennysheep_kobold_camp, layout_layer_cave
D:6:      layout_loops_ring, makhleb_grotto_becter, st_stairs_12
D:7:      layout_gridville, mainiacjoe_overflow_alcove_2,
          chequers_temple_overflow_minitemple, minmay_temple_entry_sparse_star
D:8:      layout_loops_ring, nemelex_diamond_rough_becter, uniq_psyche,
          uniq_maggie, uniq_amaemon, uniq_pikel

Skill      XL: |  1  2  3  4  5  6  7  8  9 |
---------------+----------------------------+-----
Axes           | 3 4 5 6 7 8 |  8.7
Fighting       | 4 5 6 7 8 |  8.4
Armour         | 4 5 6 7 |  7.6
Shields        | 4 5 6 7 |  7.8
Throwing       | 1 2 3 |  3.0
Invocations    | 3 |  3.0

Action                   |  1- 3 |  4- 6 |  7- 9 || total
-------------------------+-------+-------+-------++-------
Melee: War axe           |    90 |   167 |   310 ||   567
Throw: Dart              |       |       |     7 ||     7
  Use: Scroll            |     4 |     7 |    14 ||    25
       Potion            |       |     1 |     6 ||     7
Armor: Scale mail        |    35 |    29 |       ||    64
       Chain mail        |       |    61 |   230 ||   291
Dodge: Dodged            |    42 |    72 |   110 ||   224
Block: Buckler           |    18 |    47 |    91 ||   156

Table legend: (Time is in decaauts)
 A = Elapsed time spent in this place.
 B = Non-inter-level travel time spent in this place.
 C = Inter-level travel time spent in this place.
 D = Time resting spent in this place.
 E = Time spent auto-exploring this place.
 F = Levels seen in this place.
 G = Mean time per level.
                   A        B        C        D        E       F      G
               +--------+--------+--------+--------+--------+-----+--------+
         Total |   7841 |   7310 |    531 |    411 |   5234 |   9 |  871.2 |
       Dungeon |   7149 |   6618 |    531 |    294 |   4870 |   8 |  893.6 |
         Sewer |    692 |    692 |      0 |    117 |    364 |   1 |  692.0 |
               +--------+--------+--------+--------+--------+-----+--------+

Top non-repeatable levels by time:
     D:5: 1232 daAuts
     D:7: 1164 daAuts
     D:4: 994 daAuts
     D:6: 973 daAuts
     D:2: 949 daAuts
     D:1: 715 daAuts
   Sewer: 692 daAuts
     D:3: 609 daAuts
     D:8: 511 daAuts
